Map: Daybreak LE (Void)

Players

ByuN - Winner!

  • Race: Terran Terran
  • Spawn Location: 1:00

iAsonu

  • Race: Zerg Zerg
  • Spawn Location: 7:00

Event: IEM Season 11 - Gyeonggi

VOD

Have the link to the VOD?

Description

Time

  • Played on: Dec. 14, 2016, 5:48 a.m.
  • Length: 12:53

All games in this series

Show
View Real Time Build Order
Export as new Build Order

ByuN Terran - Winner!

Build Orders: Reaper Expand, MMM Bio 

Get SALT Encoding   

  12  0:00  SCV  
  13  0:12  SCV  
  14  0:17  Supply Depot  
  14  0:24  SCV  
  15  0:39  SCV  
  15  0:40  Barracks  
  16  0:44  Refinery  
  16  0:51  SCV  
  17  1:03  SCV  
  18  1:15  SCV  
  19  1:27  Orbital Command, Reaper  
  20  1:41  Command Center  
  20  1:51  Barracks  
  20  1:55  SCV  
  20  1:59  Barracks Reactor  
  21  2:05  Supply Depot  
  21  2:09  SCV  
  21  2:13  Refinery  
  22  2:21  SCV  
  23  2:25  Factory  
  23  2:33  SCV  
  23  2:36  Marine x2  
  26  2:45  SCV  
  27  2:52  Barracks Tech Lab  
  27  2:53  Marine  
  27  2:54  Marine  
  27  2:55  Orbital Command  
  29  2:59  SCV  
  30  3:10  Marine  
  30  3:11  Stimpack  
  31  3:14  Starport  
  31  3:17  Marine  
  31  3:19  Marine  
  33  3:24  SCV x2  
  35  3:27  Factory Reactor  
  35  3:29  Marine  
  35  3:33  Supply Depot  
  36  3:37  Marine  
  36  3:38  Marine  
  38  3:43  SCV x2  
  38  3:47  Marine  
  41  3:55  SCV x2  
  42  3:58  Marine  
  42  3:59  Marine  
  44  4:05  Marine  
  44  4:06  Supply Depot  
  44  4:07  SCV  
  44  4:08  SCV  
  47  4:10  Medivac x2  
  47  4:13  Supply Depot  
  51  4:18  Marine x2  
  51  4:21  SCV  
  54  4:27  Marine, SCV  
  54  4:29  Engineering Bay  
  56  4:35  SCV  
  56  4:36  Engineering Bay  
  56  4:38  Marine x2  
  59  4:40  SCV  
  59  4:43  Supply Depot  
  59  4:45  Marine  
  61  4:46  Medivac  
  61  4:52  Refinery, SCV x2  
  65  4:57  Terran Infantry Weapons Level 1  
  65  4:59  Marine x2  
  67  5:02  Terran Infantry Armor Level 1  
  67  5:13  SCV x2, Combat Shields  
  69  5:15  Marine  
  69  5:16  Marine  
  69  5:17  Marine  
  72  5:23  Command Center  
  72  5:27  SCV x2  
  74  5:31  Supply Depot  
  74  5:34  Marine x2  
  74  5:35  Marine  
  78  5:46  Factory Reactor  
  78  5:53  Barracks  
  78  5:54  SCV x2  
  79  5:57  Liberator  
  79  6:01  Barracks x2  
  79  6:03  Marine x2  
  69  6:04  Marine  
  69  6:06  SCV x2  
  72  6:14  Medivac  
  72  6:18  SCV x2  
  78  6:23  Marine  
  78  6:24  Marine x2  
  82  6:29  Refinery  
  82  6:30  SCV x2, Supply Depot  
  84  6:35  Widow Mine x2  
  84  6:38  Orbital Command  
  87  6:41  Marine x2  
  87  6:42  Barracks Reactor, Marine  
  89  6:49  Armory  
  89  6:51  Barracks Reactor x2  
  89  6:53  SCV x2  
  91  6:56  Liberator  
  91  6:59  Marine x2  
  93  7:09  Marine  
  93  7:12  Widow Mine x2  
  93  7:13  Medivac, Orbital Command  
  103  7:15  SCV  
  103  7:16  SCV  
  103  7:17  Marine x2  
  103  7:21  Supply Depot  
  107  7:27  Marine  
  107  7:28  SCV  
  109  7:31  Supply Depot  
  109  7:32  Supply Depot  
  109  7:42  SCV  
  109  7:43  Marine, SCV, Widow Mine x2  
  115  7:46  Marine x4  
  115  7:47  Marine  
  115  7:48  Marine  
  115  7:49  Marine x2  
  116  7:54  SCV  
  116  7:55  SCV  
  118  7:58  SCV  
  118  8:01  Marine  
  118  8:04  Marine x2, Terran Infantry Weapons Level 2, Terran Infantry Armor Level 2  
  122  8:06  SCV  
  122  8:07  SCV  
  122  8:11  Widow Mine x2  
  128  8:13  Marine  
  128  8:14  Marine x4  
  128  8:18  Supply Depot  
  128  8:19  Supply Depot  
  133  8:20  SCV  
  133  8:21  Marauder  
  133  8:23  Liberator x2  
  136  8:29  Marine x2  
  136  8:30  Marine  
  136  8:31  Marine x2  
  141  8:36  Supply Depot x2  
  141  8:40  Marine x2, Terran Vehicle And Ship Armor Level 1  
  149  8:42  Marauder  
  149  8:47  Marine x4  
  155  8:49  Marine x2  
  157  8:58  Marine x2  
  157  9:02  Widow Mine x2  
  147  9:04  Marauder, Marine  
  147  9:05  Marine x3  
  147  9:07  Marine x2  
  159  9:12  Barracks x2  
  159  9:14  Barracks  
  159  9:15  Marine x2  
  153  9:22  Marine  
  153  9:23  Marine x3  
  154  9:25  Marine x2, Marauder  
  154  9:31  Widow Mine x2  
  158  9:33  Marine x2  
  164  9:40  Marine  
  164  9:41  Marine x3  
  164  9:42  Marine  
  164  9:43  Marine  
  158  9:46  Marauder  
  158  9:51  Marine x2  
  162  9:58  Marine x2  
  162  9:59  Marine x2, Widow Mine x2  
  162  10:03  Marine  
  162  10:06  Marine  
  156  10:07  Medivac x2  
  156  10:08  Marauder  
  156  10:09  Marine  
  156  10:10  Marine  
  141  10:16  Marine x3  
  141  10:20  SCV x2  
  141  10:21  Marine, SCV  
  128  10:25  Barracks Reactor x2  
  128  10:26  Barracks Tech Lab  
  128  10:28  Widow Mine x2  
  120  10:29  Marauder  
  120  10:30  Marine x4  
  120  10:32  SCV  
  120  10:34  Marine x3  
  134  10:39  Marine  
  127  10:44  Marine  
  127  10:45  Medivac x2  
  127  10:48  Marine x4  
  134  10:50  Marauder  
  134  10:51  Marine  
  134  10:52  Marine x2  
  138  10:57  Marine, Widow Mine x2  
  138  11:02  Marine  
  140  11:15  SCV x3, Medivac x2  
  140  11:16  Missile Turret  
  146  11:31  Marine x5  
  146  11:32  Marine  
  149  11:33  Marine x3  
  149  11:34  Marine x3  
  149  11:38  Widow Mine x2  
  158  11:45  Medivac  
  158  11:51  Marine x2  
  158  11:59  Marine  
  138  12:01  Marine  
  138  12:02  Marauder  
  138  12:03  Marauder  
  138  12:05  Marine x2  
  145  12:09  Marine  
  145  12:10  Marine  
  145  12:12  Marine  
  148  12:19  Medivac x2, Widow Mine x2  
  148  12:21  Marine x3  
  159  12:23  Marine  
  159  12:28  Marine x5  
  159  12:29  Marine  
  164  12:32  Marine  
  164  12:33  Marine  
  164  12:35  Marine  
Show
View Real Time Build Order
Export as new Build Order

iAsonu Zerg 

Build Orders: Pool First, Muta Ling Bane 

Get SALT Encoding   

  12  0:00  Drone  
  13  0:12  Overlord  
  13  0:17  Drone  
  14  0:31  Drone x2  
  14  0:34  Drone  
  17  0:46  Spawning Pool  
  17  0:49  Drone  
  17  1:10  Hatchery  
  17  1:11  Drone  
  17  1:15  Drone  
  19  1:18  Drone  
  19  1:25  Extractor  
  19  1:31  Drone  
  19  1:32  Queen  
  21  1:41  Overlord  
  21  1:52  Drone  
  22  2:04  Drone  
  22  2:08  Queen  
  25  2:16  Drone  
  25  2:18  Hatchery  
  25  2:24  Drone  
  25  2:25  Drone  
  26  2:33  Queen  
  28  2:38  Drone  
  28  2:40  Drone  
  30  2:45  Extractor  
  30  2:46  Drone  
  30  2:49  Drone  
  30  2:51  Drone  
  30  2:53  Drone  
  30  2:57  Overlord  
  33  3:03  Drone  
  34  3:06  Drone  
  34  3:08  Metabolic Boost  
  35  3:13  Evolution Chamber  
  35  3:15  Drone  
  35  3:18  Drone  
  35  3:19  Drone  
  37  3:23  Drone  
  37  3:24  Drone  
  39  3:30  Overlord  
  39  3:32  Drone x2  
  41  3:35  Drone  
  41  3:36  Drone  
  43  3:42  Zerg Ground Armor Level 1  
  43  3:45  Drone  
  44  3:49  Drone x3  
  44  3:52  Extractor  
  44  3:53  Drone  
  46  3:57  Drone  
  46  3:58  Drone  
  46  4:00  Overlord  
  48  4:03  Drone x2  
  48  4:07  Overlord  
  50  4:13  Queen  
  50  4:16  Queen  
  54  4:20  Drone  
  54  4:21  Drone  
  54  4:23  Queen  
  58  4:24  Drone  
  58  4:26  Zergling x2  
  58  4:29  Zergling x2  
  58  4:30  Zergling x4  
  63  4:34  Zergling x6  
  63  4:36  Overlord  
  66  4:39  Zergling x4  
  66  4:42  Zergling x4  
  70  4:46  Zergling x8  
  74  4:54  Queen  
  74  4:57  Evolution Chamber  
  74  4:58  Overlord  
  75  5:02  Drone  
  76  5:10  Drone  
  76  5:11  Drone x2  
  76  5:13  Overlord  
  79  5:14  Drone, Baneling Nest  
  79  5:15  Drone  
  79  5:17  Drone  
  79  5:19  Drone  
  81  5:22  Extractor x2  
  81  5:23  Drone  
  81  5:25  Zerg Melee Weapons Level 1  
  81  5:26  Baneling Nest, Zergling x2  
  81  5:27  Zergling x10  
  85  5:33  Queen  
  87  5:41  Zergling x12  
  93  5:44  Overlord  
  93  5:45  Drone x2  
  93  5:48  Lair  
  95  5:52  Spore Crawler  
  94  6:03  Drone x9  
  97  6:05  Drone  
  97  6:06  Drone x2  
  97  6:09  Extractor  
  97  6:10  Extractor  
  98  6:18  Drone  
  98  6:20  Zergling x4  
  100  6:28  Overlord  
  100  6:31  Drone x2  
  101  6:33  Hatchery  
  101  6:37  Zergling x12  
  105  6:40  Overlord  
  105  6:45  Drone  
  105  6:47  Centrifical Hooks, Extractor  
  105  6:50  Spire  
  105  6:52  Zergling x12  
  109  7:00  Pneumatized Carapace  
  109  7:01  Overlord  
  109  7:02  Overlord  
  109  7:04  Drone x2  
  109  7:05  Drone, Hatchery  
  109  7:07  Drone  
  112  7:10  Baneling x3  
  112  7:11  Baneling x3  
  112  7:13  Zergling x2  
  113  7:17  Overlord  
  113  7:18  Spore Crawler  
  113  7:20  Drone  
  113  7:21  Zergling x8  
  116  7:33  Zergling x12  
  113  7:47  Drone x2, Queen  
  108  7:51  Zergling x12  
  108  7:52  Zergling x6  
  108  7:56  Zerg Melee Weapons Level 2  
  108  7:57  Zerg Ground Armor Level 2  
  116  8:01  Baneling  
  116  8:02  Baneling x4  
  116  8:08  Mutalisk  
  116  8:09  Mutalisk x2  
  116  8:11  Overlord  
  116  8:12  Baneling  
  122  8:13  Zerg Flyer Weapons Level 1, Baneling x3  
  122  8:19  Baneling x9  
  122  8:20  Drone  
  122  8:26  Drone  
  124  8:31  Drone  
  125  8:34  Zergling x4  
  125  8:35  Zergling x12  
  125  8:41  Drone x6  
  138  8:48  Baneling x15  
  129  9:05  Zergling x10  
  129  9:06  Zergling x16  
  135  9:13  Baneling x4  
  132  9:24  Mutalisk x6  
  122  9:27  Zergling x10  
  122  9:28  Zergling x4  
  139  9:36  Baneling x4  
  134  9:45  Zergling x16  
  125  9:46  Zergling x4  
  125  9:52  Baneling x4  
  123  9:57  Baneling  
  123  9:59  Zergling x14  
  119  10:13  Zergling x2  
  119  10:14  Zergling x24  
  112  10:17  Zergling x6  
  112  10:18  Overseer x2  
  106  10:28  Zergling x6  
  109  10:31  Baneling x4  
  109  10:34  Zergling x12  
  112  10:43  Baneling  
  112  10:44  Baneling x3  
  112  10:46  Zergling x2  
  110  10:50  Zergling x6  
  110  10:52  Baneling  
  110  10:53  Baneling x2  
  111  11:01  Zergling x12  
  111  11:02  Queen  
  112  11:09  Baneling x6  
  112  11:13  Overseer  
  110  11:28  Zergling x20  
  110  11:31  Hatchery  
  109  11:35  Zergling x4  
  109  11:38  Baneling x10  
  109  11:39  Baneling x3  
  89  12:03  Zergling x12  
  89  12:04  Zergling x8  
  91  12:11  Baneling x4  
  91  12:16  Zergling x14  
  98  12:26  Baneling  
  98  12:27  Baneling x15  

Tags
 
Add a new tag
Caveats
  • Supply blocks, unpowered buildings, or Contaminate may cause inaccurate times.
  • Supply counts are checked every 10 seconds.